Map: Dash and Terminal LE (Void)

Players

wabbajack

  • Race: Zerg Zerg
  • League: Gold

SGTxLahman - Winner!

  • Race: Terran Terran
  • League: Silver

VOD

Have the link to the VOD?

Description

Time

  • Played on: July 19, 2015, 10:08 p.m.
  • Length: 5:28
Show
View Real Time Build Order
Export as new Build Order

wabbajack Zerg 

Build Orders: Hatch First 

Get SALT Encoding   

  12  0:01  Drone  
  13  0:13  Overlord  
  13  0:21  Drone  
  14  0:24  Drone, Extractor  
  15  0:31  Drone  
  15  0:35  Drone  
  17  0:55  Hatchery  
  16  0:59  Drone  
  16  1:01  Drone  
  16  1:03  Extractor  
  17  1:17  Spawning Pool  
  16  1:25  Extractor  
  15  1:29  Drone x2  
  15  1:32  Drone  
  18  1:40  Drone  
  19  2:01  Drone  
  20  2:03  Drone  
  20  2:06  Metabolic Boost, Queen  
  23  2:09  Drone  
  24  2:26  Pneumatized Carapace  
  24  2:31  Zergling x4  
  24  2:32  Zergling x2  
  24  2:33  Zergling x2  
  24  2:35  Overlord  
  28  2:46  Baneling Nest  
  28  2:51  Drone  
  28  3:15  Queen  
  30  3:29  Baneling x4  
  30  3:30  Baneling x4  
  30  3:37  Zergling x4  
  30  3:40  Overlord  
  32  3:42  Drone x2  
  32  3:43  Drone x2  
  36  3:49  Spine Crawler  
  36  3:51  Drone  
  36  3:58  Lair  
  30  5:03  Roach Warren  
  30  5:04  Overlord x5  
  30  5:06  Evolution Chamber  
  28  5:15  Evolution Chamber  
Show
View Real Time Build Order
Export as new Build Order

SGTxLahman Terran - Winner!

Build Orders: Hellion Opening 

Get SALT Encoding   

  12  0:01  SCV  
  13  0:13  SCV  
  14  0:24  Supply Depot  
  14  0:25  SCV  
  15  0:31  Refinery  
  15  0:46  SCV  
  15  0:49  Barracks  
  16  0:58  SCV  
  17  1:10  SCV  
  18  1:14  Refinery  
  18  1:22  SCV  
  19  1:32  Barracks  
  19  1:38  Supply Depot  
  19  1:41  Barracks Tech Lab  
  19  1:46  Orbital Command  
  19  2:05  Factory  
  19  2:07  Marine  
  20  2:11  SCV  
  21  2:16  Stimpack  
  21  2:23  Barracks Reactor  
  21  2:24  SCV  
  22  2:31  Marine  
  22  2:37  SCV  
  24  2:49  SCV  
  24  2:50  Supply Depot  
  24  2:51  Marine  
  26  3:02  Starport  
  26  3:05  SCV  
  27  3:11  Hellion x2  
  31  3:13  Marine x2  
  31  3:17  SCV  
  34  3:33  Supply Depot  
  38  3:34  Hellion x2  
  38  3:38  Starport Reactor  
  38  3:42  Marine  
  39  3:54  SCV, Marine  
  41  3:56  Hellion x2  
  45  4:12  Supply Depot  
  45  4:15  Supply Depot  
  45  4:17  Medivac  
  45  4:23  Medivac  
  40  5:02  Marine x2  
  40  5:03  SCV  
  43  5:15  SCV  
Tags
 
Add a new tag
Caveats
  • Supply blocks, unpowered buildings, or Contaminate may cause inaccurate times.
  • Supply counts are checked every 10 seconds.